 Dungeon Crawl Stone Soup version 0.32-a0-818-gb728d0252e (webtiles) character file.

Game seed: 52053349179006372

509 smashvw the Digger (level 7, -3/36 HPs)
             Began as a Gargoyle Earth Elementalist on Mar 24, 2024.
             Slain by an orc warrior
             ... wielding a +0 glaive
              (16 damage)
             ... on level 4 of the Dungeon.
             The game lasted 00:07:05 (3274 turns).

smashvw the Digger (Gargoyle Earth Elementalist)    Turns: 3274, Time: 00:07:05

Health: -3/36      AC:  7    Str: 17    XL:     7   Next: 19%
Magic:  6/13       EV: 11    Int: 18    God:
Gold:   254        SH:  0    Dex: 14    Spells: 9/14 levels left

rFire   . . .        c - +0 long sword of the Pariah {distort, rC+ Dex+4}
rCold   + . .        (no shield)
rNeg    + . .        a - +0 robe
rPois   ∞            (no helmet)
rElec   +            (no cloak)
rCorr   .            (no gloves)
SInv    .            k - +0 pair of boots
Will    .....        q - amulet of magic regeneration
Stlth   ++           e - +6 ring of strength
HPRegen 0.26/turn    (no ring)
MPRegen 0.53/turn

%: no passive effects
@: very slightly contaminated
A: sickness immunity, AC +4, negative energy resistance 1, electricity
resistance, torment resistance 1, petrification resistance
a: no special abilities


You were on level 4 of the Dungeon.
You visited 1 branch of the dungeon, and saw 4 of its levels.

You collected 254 gold pieces.

Inventory:

Hand Weapons
 c - the +0 long sword of the Pariah (weapon) {distort, rC+ Dex+4}
   (You found it on level 2 of the Dungeon)

   Dex+4:     It affects your dexterity (+4).
   rC+:       It protects you from cold.
 g - a +0 dagger
Armour
 a - a +0 robe (worn)
 k - a +0 pair of boots (worn)
Jewellery
 e - a +6 ring of strength (left hand)
 q - an amulet of magic regeneration (around neck)
Wands
 p - a wand of mindburst (19)
Scrolls
 f - a scroll of summoning
 j - 2 scrolls of blinking
 l - 3 scrolls of teleportation {unknown}
 m - a scroll of fear {unknown}
 n - a scroll of poison {unknown}
 o - a scroll of immolation
Potions
 b - a potion of magic
 d - 2 potions of lignification {unknown}
 h - 3 potions of ambrosia {unknown}
 i - 2 potions of heal wounds {unknown}


   Skills:
 - Level 1.5 Dodging
 - Level 2.1 Stealth
 + Level 4.3 Spellcasting
 + Level 4.5 Conjurations
 + Level 6.2 Earth Magic


You had 9 spell levels left.
You knew the following spells:

 Your Spells              Type           Power      Damage    Failure   Level
a - Sandblast             Erth           52%        2d12      1%          1
b - Brom's Barrelling Bo  Conj/Erth      23%        2d4       16%         4

Your spell library contained the following spells:

 Spells                   Type           Power      Damage    Failure   Level
 Passwall                 Erth           26%        N/A       3%          3
 Stone Arrow              Conj/Erth      46%        3d9       4%          3
 Petrify                  Alch/Erth      15%        N/A       36%         4
 Fugue of the Fallen      Necr           3%         N/A       38%         3
 Ozocubu's Armour         Ice            3%         N/A       38%         3
 Volatile Blastmotes      Fire/Tloc      6%         2d10      38%         3
 Fulminant Prism          Conj/Alch      6%         3d7       50%         4
 Iskenderun's Mystic Bla  Conj/Tloc      12%        2d5       50%         4
 Manifold Assault         Tloc           3%         N/A       80%         4


Dungeon Overview and Level Annotations

Branches:
Dungeon (4/15)
 Temple: D:4-7

Altars:
Nemelex Xobeh
Ru

Shops:
D:4 **


Innate Abilities, Weirdness & Mutations

You are immune to sickness and miasma.
Your stone body is resilient. (AC +4)
You are immune to poison.
You resist negative energy. (rN+)
You are resistant to electric shocks. (rElec)
You are resistant to unholy torment.
You are immune to petrification.


Message History

The hound is moderately wounded.
The hound barely misses you. x2
The blast of sand hits the hound.
The hound is heavily wounded.
The hound bites you but does no damage.
The hound stops to sniff the ground.
The hound closely misses you. The hound bites you but does no damage.
The blast of sand hits the hound!!
You kill the hound!
You now have 246 gold pieces (gained 8).
You open the door.
There is an open door here.
Found a spear.
Found an escape hatch in the floor.
You now have 254 gold pieces (gained 8).
An orc warrior, an iguana, a ball python, a sleepcap and 2 endoplasms come into view.
The blast of sand hits the orc warrior but does no damage.
The orc warrior shouts!
The endoplasm quivers. x2
The ball python hisses angrily.
The iguana hisses angrily.
The orc warrior hits you from afar with a +0 glaive. x2
The blast of sand hits the orc warrior but does no damage.
A scorpion comes into view.
The orc warrior hits you from afar with a +0 glaive!
Casting: Sandblast (safe; 1% risk of failure)
Confirm with . or Enter, or press ? or * to list all spells.
Aiming: Brom's Barrelling Boulder (quite dangerous; 16% risk of failure)
Press: ? - help, Dir - move target, f/p - orc warrior
Aim: an orc warrior, wielding a +0 glaive and wearing a +0 plate armour (100% to hit)
You miscast Brom's Barrelling Boulder.
You are very lightly contaminated with residual magic.
Nothing appears to happen.
The orc warrior barely misses you.
Casting: Brom's Barrelling Boulder (quite dangerous; 16% risk of failure)
Confirm with . or Enter, or press ? or * to list all spells.
Aiming: Brom's Barrelling Boulder (quite dangerous; 16% risk of failure)
Press: ? - help, Dir - move target, f/p - orc warrior
Aim: an orc warrior, wielding a +0 glaive and wearing a +0 plate armour (100% to hit)
You send a boulder barrelling forward!
The orc warrior hits you from afar with a +0 glaive!
You die...

#
#.#######..#
#
#..#.......#
#
#...#......#
#
#..........#
###
####.#####.#
..#
#.......#
..#
#>####.##
..# ..# #..#
..##. .. ...
##@#
.......# #.
#*# ####..#
#o# ####.##
#.lJ# .....#
.l.#Jf#
.....# ....
...# .....##
.#. ....#
......# ..
....##
#####.# .
..###


You could see an orc warrior (ally target), a sleepcap, an iguana, 2 endoplasms
and a friendly boulder (rolling).

Vanquished Creatures
  Grinder (D:3)
  An ogre (D:4)
  A jelly (D:4)
  A hound (D:4)
  An iguana (D:4)
  7 adders
  3 gnolls (D:2)
  4 dart slugs
  2 ribbon worms (D:4)
  An orc (D:4)
  4 bats
  An endoplasm (D:4)
  2 giant cockroaches
  3 goblins
  4 hobgoblins
  4 jackals (D:1)
  2 quokkas
  7 ball pythons
  3 frilled lizards (D:1)
  7 kobolds
  2 rats
61 creatures vanquished.

Notes
Turn   | Place    | Note
-------+----------+-------------------------------------------
     0 | D:1      | smashvw the Gargoyle Earth Elementalist began the quest for
                  | the Orb.
     0 | D:1      | Reached XP level 1. HP: 10/10 MP: 3/3
   182 | D:1      | Reached XP level 2. HP: 15/15 MP: 3/5
   347 | D:1      | Reached skill level 4 in Earth Magic
   569 | D:1      | Reached XP level 3. HP: 19/19 MP: 3/6
  1242 | D:2      | Reached XP level 4. HP: 24/24 MP: 5/8
  1358 | D:2      | Identified the +0 long sword of the Pariah {distort, rC+
                  | Dex+4}
  1807 | D:3      | Noticed Grinder
  1814 | D:3      | Paralysed by Grinder for 3 turns
  1817 | D:3      | Killed Grinder
  1818 | D:3      | Reached skill level 5 in Earth Magic
  1818 | D:3      | Reached XP level 5. HP: 14/28 MP: 3/10
  1818 | D:3      | Reached XP level 6. HP: 16/32 MP: 3/11
  2164 | D:3      | Found a sacrificial altar of Ru.
  2502 | D:4      | Found a sparkling altar of Nemelex Xobeh.
  2666 | D:4      | Found Rutod's General Store.
  2675 | D:4      | Learned a level 4 spell: Brom's Barrelling Boulder
  2885 | D:4      | Found Qufaff's Assorted Antiques.
  3032 | D:4      | Reached skill level 6 in Earth Magic
  3032 | D:4      | Reached XP level 7. HP: 36/36 MP: 11/13
  3274 | D:4      | Slain by an orc warrior

Illustrated notes

Levels and vault maps discovered:
D:1:      tarquinn_simple_flora_water_f, layout_basic, minmay_hexomino_f4
D:2:      layout_basic
D:3:      layout_loops_cross, nicolae_ru_awakened_eye, uniq_grinder
D:4:      minmay_general_purpose_star, layout_basic,
          mainiacjoe_overflow_cross_hatched, serial_shops,
          kennysheep_little_box, shop, nicolae_shop_advertising_works
          [nicolae_subvault_shop_adworks], minmay_manual_moon

Skill      XL: |  1  2  3  4  5  6 |
---------------+-------------------+-----
Earth Magic    | 4 5 6 |  6.2
Conjurations   | 2 3 4 |  4.5
Spellcasting   | 3 4 |  4.3
Dodging        | |  1.5
Stealth        | |  2.1

Action                     |  1- 3 |  4- 6 |  7- 9 || total
---------------------------+-------+-------+-------++-------
  Melee: Unarmed           |     3 |       |       ||     3
         Dagger            |     1 |    14 |       ||    15
         Long sword        |       |     7 |     1 ||     8
   Cast: Sandblast         |    39 |    47 |    12 ||    98
         Brom's Barrelling |       |       |     1 ||     1
    Use: Potion            |       |     1 |       ||     1
         Scroll            |       |     3 |       ||     3
 Armour: Robe              |    10 |    35 |     8 ||    53
  Dodge: Dodged            |     4 |    27 |     5 ||    36

Table legend: (Time is in decaauts)
 A = Elapsed time spent in this place.
 B = Non-inter-level travel time spent in this place.
 C = Inter-level travel time spent in this place.
 D = Time resting spent in this place.
 E = Time spent auto-exploring this place.
 F = Levels seen in this place.
 G = Mean time per level.
                   A        B        C        D        E       F      G
               +--------+--------+--------+--------+--------+-----+--------+
         Total |   3333 |   3237 |     96 |     51 |   2759 |   4 |  833.2 |
       Dungeon |   3333 |   3237 |     96 |     51 |   2759 |   4 |  833.2 |
               +--------+--------+--------+--------+--------+-----+--------+

Top non-repeatable levels by time:
     D:1: 1028 daAuts
     D:3: 795 daAuts
     D:4: 791 daAuts
     D:2: 718 daAuts
